 Dungeon Crawl Stone Soup version 0.20.0-15-g7f486f2 (webtiles) character file.

63 systemy the Chopper (level 3, 0/34 HPs)
             Began as a Minotaur Berserker on June 25, 2017.
             Was a Believer of Trog.
             Slain by Natasha (5 damage)
             ... on level 2 of the Dungeon.
             The game lasted 00:01:57 (814 turns).

systemy the Chopper (Minotaur Berserker)             Turns: 814, Time: 00:01:58

Health: 0/34       AC:  5    Str: 22    XL:     3   Next: 87%
Magic:  2/2        EV: 11    Int:  4    God:    Trog [**....]
Gold:   53         SH:  0    Dex:  9    Spells: 2/2 levels left

rFire    . . .     SeeInvis .   a - +0 hand axe
rCold    . . .     Gourm    .   (no shield)
rNeg     . . .     Faith    .   k - +0 ring mail (curse)
rPois    .         Spirit   .   (helmet restricted)
rElec    .         Reflect  .   (no cloak)
rCorr    .         Harm     .   (no gloves)
MR       .....                  (no boots)
Stlth    ..........             (no amulet)
Regen    0.2/turn               (no ring)
MPRegen  0.1/turn               (no ring)

@: no status effects
A: retaliatory headbutt, horns 2
a: Berserk, Trog's Hand, Burn Spellbooks, Renounce Religion


You were on level 2 of the Dungeon.
You worshipped Trog.
Trog was pleased with you.
You were not hungry.

You visited 1 branch of the dungeon, and saw 2 of its levels.

You collected 53 gold pieces.

Inventory:

Hand Weapons
 a - a +0 hand axe (weapon)
Armour
 b - a +0 animal skin
 k - a cursed +0 ring mail (worn)
Jewellery
 p - an uncursed ring of protection from cold {unknown}
 r - an uncursed ring of protection from fire {unknown}
Scrolls
 d - a scroll of noise {unknown}
 h - 2 scrolls of teleportation {unknown}
 i - a scroll of remove curse {unknown}
 j - a scroll of identify {unknown}
 l - a scroll of blinking {unknown}
 m - a scroll of enchant armour {unknown}
 o - a scroll of recharging {unknown}
Potions
 e - a potion of curing {unknown}
 f - a potion of heal wounds {unknown}
 g - 4 potions of magic {unknown}
 n - a potion of brilliance {unknown}
Comestibles
 c - a bread ration
 q - a chunk of flesh


   Skills:
 + Level 4.4 Fighting
 + Level 4.8 Axes
 + Level 3.0 Armour
 - Level 2.1 Dodging


You had 2 spell levels left.
You didn't know any spells.

Dungeon Overview and Level Annotations

Branches:
Dungeon (2/15)

Altars:

Annotations:
D:2 Natasha


Innate Abilities, Weirdness & Mutations

You reflexively headbutt those who attack you in melee.
You have a pair of horns on your head.


Message History

The magic dart hits you!
* * * LOW HITPOINT WARNING * * *
You hit Natasha.
Natasha is moderately wounded.
Natasha claws you.
* * * LOW HITPOINT WARNING * * *
A dart slug comes into view.
You hit Natasha.
Natasha is severely wounded.
Natasha mumbles some strange words.
The dart slug moves out of view.
You hit Natasha. Your headbutt misses Natasha.
Natasha is almost dead.
Natasha barely misses you. You furiously retaliate!
You headbutt Natasha, but do no damage.
The shadow imp shouts, "Slither hence, thou obnoxious limp-willed pumpion!"
You hit Natasha but do no damage.
Natasha is almost dead.
Natasha claws you.
You die...

.....##### ##.##.#
#....# ####.# #.# #.# .
#.# ..> #####.#
###########w..?.
......###.......@hr5....
####......#########5....
#####.##### ... ...##.#
# ##.##.# #(#.#)#
.###..# #.#.### #.#


You could see an iron imp, Natasha, a shadow imp, a dart slug and a quokka.

Vanquished Creatures
  Terence (D:2)
  An ooze (D:1)
  A leopard gecko (D:2)
  6 bats (D:1)
  A giant cockroach (D:2)
  3 goblins (D:1)
  6 hobgoblins
  4 kobolds (D:1)
  A quokka (D:2)
  3 frilled lizards
  4 rats
31 creatures vanquished.

Notes
Turn   | Place    | Note
-------+----------+-------------------------------------------
     0 | D:1      | systemy the Minotaur Berserker began the quest for the Orb.
     0 | D:1      | Reached XP level 1. HP: 19/19 MP: 0/0
   114 | D:1      | Reached XP level 2. HP: 22/27 MP: 1/1
   509 | D:2      | Reached XP level 3. HP: 33/33 MP: 2/2
   545 | D:2      | Reached ** piety under Trog
   777 | D:2      | Noticed Terence
   786 | D:2      | Killed Terence
   805 | D:2      | Noticed Natasha
   814 | D:2      | Slain by Natasha

Skill      XL: |  1  2  3 |
---------------+----------+-----
Axes           | 4 |  4.8
Fighting       | 4 |  4.4
Armour         | 3 |  3.0
Dodging        | |  2.1

Action                   || total
-------------------------++-------
Melee: Hand axe          ||    75
       Headbutt          ||     9
Armor: Animal skin       ||    17
       Ring mail         ||     8
Dodge: Dodged            ||    52
